 Dungeon Sprint DCSS version 0.25.1-2-g60ff931df9 (webtiles) character file.

Game seed: 9927876663706339756

49069 Groucho the Peltast (level 14, -17/151 HPs)
             Began as a Deep Dwarf Fighter on Aug 19, 2020.
             Was a Priest of Cheibriados.
             Demolished by a fire giant
             ... wielding a +0 great sword of flaming
              (19 damage)
             ... in the Dungeon (Sprint IX: "|||||||||||||||||||||||||||||").
             The game lasted 00:18:23 (9383 turns).

Groucho the Peltast (Deep Dwarf Fighter)            Turns: 9383, Time: 00:18:24

Health: -17/151    AC: 27    Str: 34    XL:     14   Next: 14%
Magic:  8/17       EV: 23    Int: 17    God:    Cheibriados [***...]
Gold:   1487       SH: 20    Dex: 24    Spells: 13/13 levels left

rFire    . . .     SeeInvis .   a - +0 war axe
rCold    + . .     Gourm    .   d - +2 kite shield "Umoil" {Str+5}
rNeg     + . .     Faith    .   r - +1 chain mail {rC+}
rPois    .         Spirit   .   A - +1 helmet
rElec    .         Reflect  .   v - +0 cloak
rCorr    .         Harm     .   w - +1 pair of gloves
MR       ++...     NoTele   +   u - +0 pair of boots
Stlth    ..........             (no amulet)
HPRegen  0.00/turn              b - +2 ring of protection
MPRegen  0.15/turn              s - +2 ring of evasion

@: non-regenerating, very slow
A: damage resistance, heal wounds, negative energy resistance 1, sense
surroundings 2, no regeneration
a: Heal Wounds, Bend Time, Temporal Distortion, Renounce Religion


You were in the Dungeon.
You worshipped Cheibriados.
Cheibriados was most pleased with you.
You were full.

You visited 1 branch You collected 1905 gold pieces.
You spent 418 gold pieces at shops.

Inventory:

Hand Weapons
 a - a +0 war axe (weapon)
 p - a +3 vorpal war axe
 D - a +1 morningstar of protection
Armour
 d - the +2 kite shield "Umoil" (worn) {Str+5}
   (You bought it in a shop in the Dungeon)

   It affects your strength (+5).
 r - a +1 chain mail of cold resistance (worn)
 u - a +0 pair of boots (worn)
 v - a +0 cloak (worn)
 w - a +1 pair of gloves (worn)
 A - a +1 helmet (worn)
Jewellery
 b - a +2 ring of protection (left hand)
 s - a +2 ring of evasion (right hand)
 x - an uncursed ring of protection from magic
 y - an uncursed ring of protection from fire
 z - an uncursed ring of protection from fire
Wands
 o - a wand of iceblast (1)
Scrolls
 g - 3 scrolls of enchant weapon
 k - a scroll of identify
 m - 4 scrolls of remove curse
 n - 2 scrolls of amnesia
 t - 3 scrolls of fog
 C - 4 scrolls of enchant armour
Potions
 c - 3 potions of curing
 h - 2 potions of haste
 j - a potion of berserk rage
 q - a potion of might
 B - a potion of resistance
Comestibles
 f - 5 rations
 i - 5 chunks of flesh


   Skills:
 + Level 16.5 Fighting
 - Level 19.0 Axes
 + Level 19.2 Armour
 + Level 12.7 Dodging
 + Level 19.2 Shields
 + Level 14.1 Invocations


You had 13 spell levels left.
You didn't know any spells.
Your spell library was empty.

Dungeon Overview and Level Annotations

Branches:
Dungeon (1/1)

Altars:
Cheibriados
Dithmenos
Elyvilon
Fedhas
Gozag
Hepliaklqana
Kikubaaqudgha
Makhleb
Nemelex Xobeh
Okawaru
Qazlal
Ru
Sif Muna
Trog
Uskayaw
Vehumet
Wu Jian
Xom
Yredelemnul
Zin
The Shining One
Beogh
Jiyva
Lugonu

Shops:
D %[!%


Innate Abilities, Weirdness & Mutations

You are resistant to damage.
You can heal yourself by infusing magical energy.
You resist negative energy. (rN+)
You passively map the area around you.
You do not regenerate.


Message History

Unknown command.
Unknown command.
Okay, then.
Unknown command.
Unknown command.
Unknown command.
You slice the fire giant!!
The fire giant is severely wounded.
The fire giant hits you but does no damage.
You barely miss the fire giant.
The fire giant is severely wounded.
You hit the fire giant.
The fire giant is severely wounded.
You block the fire giant's attack.
You hit the fire giant.
The fire giant is severely wounded.
You slice the fire giant!!
The fire giant is almost dead.
The fire giant hits you with a +0 great sword of flaming!!
You die...

)'..........[[[[[[[[..)))))))=...
▓▓▓▓▓▓▓▓▓▓▓▓▓▓▓▓▓▓▓▓▓▓▓▓▓▓▓▓▓▓▓▓▓
.........................).......
▓▓▓▓▓▓▓▓▓▓▓▓▓▓▓▓▓▓▓♣♣♣♣♣♣♣♣♣♣▓▓▓▓
(.((....'....)...))....)..[['....
▓▓▓▓▓▓▓▓▓▓▓▓▓▓▓▓▓▓▓♣♣♣♣♣♣♣♣♣♣▓▓▓▓
..........÷...)..................
▓▓▓▓▓▓▓▓▓▓▓▓▓▓▓▓▓▓▓▓▓▓▓▓▓▓▓▓▓▓▓▓▓
, ,...C.CC@....[()()'(..... **
▓▓▓▓▓▓▓▓▓▓▓▓▓▓▓▓▓▓▓▓▓▓▓▓ , , ,, ,
, * * * * * * * * ,, ,, , , , ,,
,, * * ** * * * * * * , , , , ,
,, * * * * * * * ** , , ,, + , ,,
, , , ,, ,


You could see a fire giant and 2 ettins.

Vanquished Creatures
  Rupert (D)
  A thorn hunter (D)
  A sphinx (D)
  Donald (D)
  A frost giant (D)
  2 nagarajas (D)
  2 stone giants (D)
  A very ugly thing (D)
  A vampire knight (D)
  Nessos (D)
  A fire dragon (D)
  2 great orbs of eyes (D)
  2 yaktaur captains (D)
  4 ice dragons (D)
  A rakshasa (D)
  2 alligators (D)
  Harold (D)
  2 hydras (D)
  Erica (D)
  A deep troll earth mage (D)
  2 ogre magi (D)
  A shock serpent (D)
  A tengu warrior (D)
  A spriggan (D)
  A glowing orange brain (D)
  2 sea snakes (D)
  2 swamp dragons (D)
  A wizard (D)
  An orc knight (D)
  A harpy (D)
  8 orc sorcerers (D)
  3 manticores (D)
  A cyclops (D)
  4 black mambas (D)
  A merfolk siren (D)
  A gargoyle (D)
  An elephant (D)
  4 komodo dragons (D)
  3 spiny frogs (D)
  A demonic crawler (D)
  A tengu conjurer (D)
  A troll (D)
  A jumping spider (D)
  A merfolk (D)
  A polar bear (D)
  3 hornets (D)
  A hippogriff (D)
  A vampire (D)
  4 redbacks (D)
  A yak (D)
  A tarantella (D)
  2 wyverns (D)
  4 water moccasins (D)
  2 nagas (D)
  2 porcupines (D)
  10 orc warriors (D)
  8 black bears (D)
  A wolf (D)
  2 crocodiles (D)
  A bullfrog (D)
  A killer bee (D)
  A crimson imp (D)
  A jelly (D)
  A hound (D)
  4 orc priests (D)
  12 orc wizards (D)
  A gnoll (D)
  An ooze (D)
  2 adder skeletons (D)
  3 adder zombies (D)
  A leopard gecko (D)
  5 orcs (D)
  A giant cockroach (D)
  A kobold (D)
  A ball python (D)
  A ball python zombie (D)
  A bat (D)
  A jackal skeleton (D)
  A jackal zombie (D)
157 creatures vanquished.

Notes
Turn   | Place    | Note
-------+----------+-------------------------------------------
     0 | D        | Groucho the Deep Dwarf Fighter began the quest for the Orb.
     0 | D        | Reached XP level 1. HP: 20/20 MP: 1/1
     9 | D        | Reached XP level 2. HP: 28/28 MP: 2/2
    38 | D        | Reached XP level 3. HP: 33/36 MP: 3/3
    52 | D        | Reached skill level 5 in Armour
    52 | D        | Reached skill level 5 in Shields
   161 | D        | Found a roughly hewn altar of Beogh.
   161 | D        | Found a snail-covered altar of Cheibriados.
   161 | D        | Found a shadowy altar of Dithmenos.
   161 | D        | Found a white marble altar of Elyvilon.
   161 | D        | Found a blossoming altar of Fedhas.
   161 | D        | Found an opulent altar of Gozag.
   162 | D        | Found a hazy altar of Hepliaklqana.
   163 | D        | Found a viscous altar of Jiyva.
   164 | D        | Found an ancient bone altar of Kikubaaqudgha.
   165 | D        | Found a corrupted altar of Lugonu.
   167 | D        | Became a worshipper of Cheibriados the Contemplative
   169 | D        | Found a burning altar of Makhleb.
   170 | D        | Found a sparkling altar of Nemelex Xobeh.
   171 | D        | Found an iron altar of Okawaru.
   172 | D        | Found a stormy altar of Qazlal.
   173 | D        | Found a sacrificial altar of Ru.
   174 | D        | Found a shimmering blue altar of Sif Muna.
   175 | D        | Found a bloodstained altar of Trog.
   176 | D        | Found a hide-covered altar of Uskayaw.
   177 | D        | Found a radiant altar of Vehumet.
   178 | D        | Found an ornate altar of the Wu Jian Council.
   179 | D        | Found a shimmering altar of Xom.
   180 | D        | Found a basalt altar of Yredelemnul.
   181 | D        | Found a glowing silver altar of Zin.
   182 | D        | Found a glowing golden altar of the Shining One.
   227 | D        | Noticed a killer bee
   227 | D        | Noticed an orc warrior
   246 | D        | Killed an orc warrior
   246 | D        | Reached skill level 5 in Fighting
   246 | D        | Reached skill level 5 in Axes
   246 | D        | Reached XP level 4. HP: 46/46 MP: 0/4
   251 | D        | Reached * piety under Cheibriados
   251 | D        | Reached XP level 5. HP: 42/52 MP: 1/5
   257 | D        | Reached ** piety under Cheibriados
   847 | D        | Noticed a four-headed hydra
   847 | D        | Noticed a vampire
   847 | D        | Noticed a troll
   847 | D        | Noticed a tengu conjurer
   847 | D        | Noticed a gargoyle
   881 | D        | Killed a nine-headed hydra
   881 | D        | Reached *** piety under Cheibriados
   881 | D        | Reached XP level 6. HP: 4/67 MP: 6/6
   881 | D        | Reached XP level 7. HP: 4/74 MP: 7/7
   882 | D        | Killed a gargoyle
   882 | D        | Reached skill level 10 in Axes
   882 | D        | Reached skill level 10 in Armour
   882 | D        | Reached skill level 10 in Shields
   882 | D        | Reached XP level 8. HP: 5/82 MP: 8/8
   898 | D        | Killed a troll
   898 | D        | Reached **** piety under Cheibriados
   924 | D        | Killed a tengu conjurer
   924 | D        | Reached ***** piety under Cheibriados
  1203 | D        | Noticed a komodo dragon
  1203 | D        | Noticed a komodo dragon
  1207 | D        | Reached skill level 1 in Invocations
  1221 | D        | Killed a komodo dragon
  1221 | D        | Gained mutation: You passively map the area around you.
                  | [Deep Dwarf growth]
  1221 | D        | Reached XP level 9. HP: 56/93 MP: 9/11
  1227 | D        | Killed a komodo dragon
  1227 | D        | Reached skill level 10 in Fighting
  1232 | D        | Reached skill level 5 in Invocations
  1252 | D        | Reached ****** piety under Cheibriados
  1566 | D        | Noticed a spiny frog
  1566 | D        | Noticed an elephant
  1566 | D        | Noticed a komodo dragon
  1573 | D        | Killed a komodo dragon
  1576 | D        | Killed a spiny frog
  1576 | D        | Reached XP level 10. HP: 24/103 MP: 8/15
  1581 | D        | Killed an elephant
  2686 | D        | Noticed Harold
  2706 | D        | Killed Harold
  3591 | D        | Noticed an orc knight
  3591 | D        | Noticed an orc sorcerer
  3594 | D        | Killed an orc sorcerer
  3594 | D        | Reached skill level 10 in Invocations
  3602 | D        | Killed an orc knight
  3605 | D        | HP: 5/106 [orc warrior/+0 trident (25)]
  3615 | D        | Reached XP level 11. HP: 67/114 MP: 4/18
  3861 | D        | Found Buufiej's Food Boutique.
  3861 | D        | Noticed an orc sorcerer
  3861 | D        | Noticed an orc sorcerer
  3861 | D        | Noticed an orc sorcerer
  3862 | D        | Noticed an orc sorcerer
  3868 | D        | Noticed a soul eater
  3868 | D        | Killed an orc sorcerer
  3868 | D        | Killed an orc sorcerer
  3868 | D        | Killed an orc sorcerer
  3868 | D        | Killed an orc sorcerer
  3870 | D        | Found Qoask's Distillery.
  3874 | D        | Found Uloufup's Antique Armour Boutique.
  3881 | D        | Found Oploez's Food Shop.
  3883 | D        | Noticed an orc sorcerer
  3884 | D        | Noticed an orc sorcerer
  3884 | D        | Noticed an orc sorcerer
  3887 | D        | Noticed a soul eater
  3891 | D        | Killed an orc sorcerer
  3893 | D        | Noticed a sixfirhy
  3894 | D        | Noticed a sixfirhy
  3897 | D        | Killed an orc sorcerer
  3897 | D        | Killed an orc sorcerer
  3922 | D        | Bought a crude kite shield for 152 gold pieces
  4665 | D        | Identified the +2 kite shield "Umoil" {Str+5} (You bought
                  | it in a shop in the Dungeon)
  4754 | D        | Noticed a tengu warrior
  4779 | D        | Killed a tengu warrior
  4784 | D        | Noticed an ogre mage
  4784 | D        | Noticed a wizard
  4786 | D        | Noticed a great orb of eyes
  4786 | D        | Noticed a rakshasa
  4787 | D        | Noticed an ice dragon
  4788 | D        | Noticed an ice dragon
  4791 | D        | Noticed a glowing orange brain
  4794 | D        | Killed an ogre mage
  4794 | D        | Reached skill level 15 in Armour
  4794 | D        | Reached skill level 15 in Shields
  4802 | D        | Killed a wizard
  4815 | D        | Killed a great orb of eyes
  4815 | D        | Reached skill level 15 in Axes
  4816 | D        | Killed a glowing orange brain
  4816 | D        | Killed a rakshasa
  4817 | D        | Killed an ice dragon
  4817 | D        | Reached XP level 12. HP: 76/126 MP: 8/19
  4817 | D        | Killed an ice dragon
  5648 | D        | Noticed Rupert
  5664 | D        | Killed Rupert
  6086 | D        | Noticed Nessos
  6088 | D        | Killed Nessos
  6171 | D        | Noticed Donald
  6184 | D        | Killed Donald
  6184 | D        | Reached skill level 5 in Dodging
  6219 | D        | Noticed an alligator
  6219 | D        | Noticed a thorn hunter
  6219 | D        | Noticed a seven-headed hydra
  6227 | D        | Killed an 11-headed hydra
  6227 | D        | Killed an alligator
  6232 | D        | Killed a thorn hunter
  6722 | D        | Noticed an alligator
  6756 | D        | Killed an alligator
  6769 | D        | Noticed a nagaraja
  6780 | D        | Killed a nagaraja
  6780 | D        | Reached XP level 13. HP: 60/136 MP: 19/19
  6784 | D        | Noticed a nagaraja
  6801 | D        | Reached skill level 15 in Fighting
  6810 | D        | Killed a nagaraja
  7383 | D        | Paralysed by a hornet for 1 turns
  7794 | D        | Reached skill level 10 in Dodging
  7936 | D        | Noticed Erica
  7953 | D        | Killed Erica
  8216 | D        | Noticed a sphinx
  8216 | D        | Noticed a stone giant
  8216 | D        | Noticed a green very ugly thing
  8217 | D        | Noticed a stone giant
  8223 | D        | Killed a green very ugly thing
  8223 | D        | Killed a sphinx
  8224 | D        | Killed a stone giant
  8224 | D        | Killed a stone giant
  8225 | D        | Noticed a vampire knight
  8514 | D        | Noticed a fire dragon
  8514 | D        | Noticed a frost giant
  8520 | D        | Killed a fire dragon
  8520 | D        | Gained mutation: You resist negative energy. (rN+) [Deep
                  | Dwarf growth]
  8520 | D        | Reached XP level 14. HP: 37/150 MP: 11/17
  8520 | D        | Killed a vampire knight
  8534 | D        | Killed a frost giant
  8895 | D        | Bought a potion of curing for 42 gold pieces
  8895 | D        | Bought a potion of curing for 42 gold pieces
  8895 | D        | Bought a potion of heal wounds for 70 gold pieces
  8895 | D        | Bought a potion of curing for 42 gold pieces
  8895 | D        | Bought a potion of heal wounds for 70 gold pieces
  9374 | D        | Noticed a fire giant
  9375 | D        | Noticed a vampire knight
  9378 | D        | HP: 2/151 [fire giant/fireball (39)]
  9383 | D        | Demolished by a fire giant

Illustrated notes

Levels and vault maps discovered:
D:        linesprint [early_d, line_temple, items_1, d_10, items_2, lair_1,
          lair_end, items_3, orc_1, orc_end, items_4, d_15, swamp_1, shoals_1,
          snake_1, spider_1, d_20, vaults_1, items_5, swamp_end, shoals_end,
          snake_end, spider_end, vaults_end, d_27, items_6, zot_1, zot_end,
          crypt_end, forest_end, elf_end, slime_end, tomb_end, abyss_end,
          pan_hell_end]

Skill      XL: |  1  2  3  4  5  6  7  8  9 10 11 12 13 14 |
---------------+-------------------------------------------+-----
Fighting       | 3 4 5 8 9 10 12 13 14 16 | 16.5
Axes           | 3 4 5 6 9 10 11 12 13 15 17 18 19 | 19.0
Armour         | 4 6 9 10 11 12 14 15 17 18 19 | 19.2
Shields        | 4 6 9 10 11 12 13 15 17 18 19 | 19.2
Invocations    | 3 7 10 13 14 | 14.1
Dodging        | 8 12 | 12.7

Action                   |  1- 3 |  4- 6 |  7- 9 | 10-12 | 13-15 || total
-------------------------+-------+-------+-------+-------+-------++-------
Melee: War axe           |    51 |    43 |    90 |   209 |    56 ||   449
Invok: Slouch            |       |       |     1 |    25 |    31 ||    57
 Abil: Heal Wounds       |       |       |     5 |    12 |     6 ||    23
Evoke: Wand              |       |     5 |     2 |       |     2 ||     9
  Use: Potion            |     3 |     3 |     3 |     9 |     5 ||    23
       Scroll            |       |     2 |       |     1 |     1 ||     4
 Stab: Invisible         |       |     5 |       |       |       ||     5
  Eat: Ration            |       |       |       |     4 |     3 ||     7
       Chunk             |       |       |       |     1 |       ||     1
Armor: Scale mail        |    11 |       |       |       |       ||    11
       Chain mail        |       |    24 |    36 |    86 |    17 ||   163
Dodge: Dodged            |    16 |    23 |    18 |    67 |    36 ||   160
Block: Kite shield       |    30 |    37 |    70 |   182 |    68 ||   387
